General information
- name: BNet
- type: Ladder team game (AT/RT)
- host: Battle.net
- saver: DOGSANDHORSE.RU
map: GoldRush
- players: 8
- length: 24:53
- speed: Fast
- version: 1.24 W3XP
- replay type:

» download(290 KB)
Players
team 1 (loser)
KAKALLIKUH (
green | 64 APM | 1578 actions | 24:50)
1 Archmage
1 Summon Water Elemental
3 Paladin
2 Holy Light
1 Devotion Aura
1 Shadow Hunter
1 Healing Wave
1 Blademaster
1 Critical Strike
» actions
| Assign group hotkey | 24 | |
| Basic commands | 51 | |
| Build / train | 74 | |
| ESC pressed | 3 | |
| Enter build submenu | 25 | |
| Enter hero's abilities submenu | 6 | |
| Give item / drop item | 6 | |
| Right click | 697 | |
| Select / deselect | 355 | |
| Select group hotkey | 227 | |
| Use ability | 110 | |
1578 total
» units
| Peasant | 19 | |
| Footman | 8 | |
| Spell Breaker | 2 | |
| Mortar Team | 1 | |
30 total
» upgrades
| Lumber Harvesting | 1 | |
| Magic Sentry | 1 | |
2 total
» buildings
| Altar of Kings | 1 | |
| Barracks | 1 | |
| Farm | 6 | |
| Lumber Mill | 1 | |
| Scout Tower | 5 | |
| Arcane Tower | 1 | |
| Guard Tower | 10 | |
| Keep | 1 | |
| Arcane Vault | 2 | |
| Arcane Sanctum | 1 | |
| Blacksmith | 1 | |
| Workshop | 1 | |
| Castle | 1 | |
| Town Hall | 1 | |
33 total
» build order
00:09 Altar of Kings
00:27 Barracks
00:39 Farm
00:52 Farm
02:07 Lumber Mill
02:21 Scout Tower
02:46 Farm
02:52 Arcane Tower
04:15 Scout Tower
04:34 Guard Tower
04:51 Scout Tower
05:24 Guard Tower
05:24 Guard Tower
05:26 Scout Tower
07:15 Guard Tower
07:38 Keep
09:03 Scout Tower
09:35 Guard Tower
10:31 Arcane Vault
10:46 Farm
11:35 Arcane Sanctum
11:56 Farm
12:35 Blacksmith
13:09 Guard Tower
13:18 Guard Tower
13:18 Guard Tower
13:28 Guard Tower
13:29 Guard Tower
13:39 Arcane Vault
14:07 Workshop
14:11 Farm
16:43 Castle
20:11 Town Hall
» items
| Scroll of Regeneration | 1 | |
| Ivory Tower | 5 | |
| Potion of Healing | 5 | |
| Potion of Mana | 4 | |
| Lesser Clarity Potion | 3 | |
| Scroll of Town Portal | 1 | |
19 total
kok_russia (
teal | 138 APM | 3418 actions | 24:50)
5 Shadow Hunter
1 Hex
2 Serpent Ward
2 Healing Wave
» actions
| Assign group hotkey | 47 | |
| Basic commands | 1 | |
| Build / train | 62 | |
| ESC pressed | 1 | |
| Enter build submenu | 25 | |
| Enter hero's abilities submenu | 5 | |
| Remove unit from queue | 1 | |
| Right click | 1432 | |
| Select / deselect | 688 | |
| Select group hotkey | 1028 | |
| Use ability | 128 | |
3418 total
» units
| Peon | 7 | |
| Grunt | 2 | |
| Troll Headhunter/Berserker | 6 | |
| Wind Rider | 6 | |
| Tauren | 8 | |
| Troll Witch Doctor | 5 | |
| Troll Batrider | 7 | |
41 total
» upgrades
| Witch Doctor Training | 2 | |
| Pulverize | 1 | |
| Envenomed Spears | 1 | |
| Reinforced Defenses | 1 | |
5 total
» buildings
| Altar of Storms | 1 | |
| Orc Burrow | 7 | |
| Barracks | 1 | |
| War Mill | 1 | |
| Watch Tower | 4 | |
| Stronghold | 1 | |
| Beastiary | 2 | |
| Fortress | 1 | |
| Spirit Lodge | 1 | |
| Voodoo Lounge | 1 | |
| Tauren Totem | 1 | |
| Great Hall | 1 | |
22 total
» build order
00:09 Altar of Storms
00:19 Orc Burrow
00:35 Barracks
01:31 Orc Burrow
01:40 Orc Burrow
02:09 War Mill
03:23 Watch Tower
03:45 Stronghold
03:50 Orc Burrow
05:18 Orc Burrow
06:14 Beastiary
06:34 Fortress
06:35 Spirit Lodge
07:18 Voodoo Lounge
08:28 Orc Burrow
09:02 Tauren Totem
09:04 Orc Burrow
17:18 Beastiary
19:28 Great Hall
19:31 Watch Tower
19:32 Watch Tower
19:35 Watch Tower
» items
| Healing Salve | 4 | |
| Lesser Clarity Potion | 2 | |
| Potion of Healing | 1 | |
7 total
Pizhon1803 (
orange | 128 APM | 3180 actions | 24:51)
4 Blademaster
2 Wind Walk
2 Critical Strike
4 Shadow Hunter
2 Serpent Ward
2 Healing Wave
» actions
| Assign group hotkey | 69 | |
| Basic commands | 241 | |
| Build / train | 80 | |
| ESC pressed | 5 | |
| Enter build submenu | 25 | |
| Enter hero's abilities submenu | 9 | |
| Right click | 893 | |
| Select / deselect | 458 | |
| Select group hotkey | 1277 | |
| Use ability | 123 | |
3180 total
» units
| Peon | 12 | |
| Grunt | 16 | |
| Raider | 6 | |
| Demolisher | 3 | |
| Troll Batrider | 12 | |
49 total
» upgrades
| Ensnare | 1 | |
| Berserker Strength | 1 | |
2 total
» buildings
| Altar of Storms | 1 | |
| Orc Burrow | 10 | |
| Barracks | 1 | |
| Stronghold | 1 | |
| Voodoo Lounge | 1 | |
| Beastiary | 1 | |
| War Mill | 1 | |
| Great Hall | 4 | |
| Fortress | 1 | |
| Tauren Totem | 1 | |
22 total
» build order
00:03 Altar of Storms
00:08 Orc Burrow
00:21 Orc Burrow
00:36 Barracks
02:12 Orc Burrow
03:18 Stronghold
03:56 Orc Burrow
06:18 Voodoo Lounge
06:39 Orc Burrow
06:42 Beastiary
07:44 War Mill
07:47 Orc Burrow
11:47 Great Hall
12:03 Orc Burrow
12:14 Great Hall
17:38 Fortress
18:54 Great Hall
20:01 Tauren Totem
21:34 Orc Burrow
21:34 Orc Burrow
21:35 Orc Burrow
24:27 Great Hall
» items
| Lesser Clarity Potion | 6 | |
| Healing Salve | 1 | |
| Scroll of Regeneration | 1 | |
8 total
ScreamMc[013tm] (
red | 54 APM | 1347 actions | 24:48)
2 Shadow Hunter
1 Healing Wave
1 Serpent Ward
4 Blademaster
2 Wind Walk
2 Critical Strike
» actions
| Assign group hotkey | 30 | |
| Basic commands | 142 | |
| Build / train | 56 | |
| ESC pressed | 3 | |
| Enter build submenu | 19 | |
| Enter hero's abilities submenu | 6 | |
| Give item / drop item | 1 | |
| Right click | 457 | |
| Select / deselect | 315 | |
| Select group hotkey | 263 | |
| Use ability | 55 | |
1347 total
» units
| Peon | 10 | |
| Grunt | 13 | |
| Shaman | 11 | |
| Tauren | 1 | |
35 total
» upgrades
| Shaman Training | 2 | |
| Witch Doctor Training | 1 | |
3 total
» buildings
| Altar of Storms | 1 | |
| Orc Burrow | 6 | |
| Barracks | 1 | |
| Voodoo Lounge | 1 | |
| War Mill | 1 | |
| Stronghold | 1 | |
| Spirit Lodge | 2 | |
| Fortress | 1 | |
| Watch Tower | 1 | |
| Tauren Totem | 2 | |
| Great Hall | 1 | |
| Beastiary | 2 | |
20 total
» build order
00:03 Altar of Storms
00:04 Orc Burrow
00:45 Barracks
02:10 Orc Burrow
02:20 Voodoo Lounge
02:41 War Mill
03:23 Orc Burrow
04:52 Orc Burrow
06:10 Stronghold
08:21 Orc Burrow
09:04 Orc Burrow
09:11 Spirit Lodge
09:29 Spirit Lodge
10:33 Fortress
13:54 Watch Tower
15:02 Tauren Totem
15:05 Tauren Totem
19:48 Great Hall
24:00 Beastiary
24:01 Beastiary
» items
| Healing Salve | 2 | |
| Scroll of Speed | 1 | |
| Scroll of Regeneration | 3 | |
| Potion of Healing | 1 | |
7 total
team 2 (winner)
2xbackwrdzgldr (
purple | 134 APM | 3322 actions | 24:52)
5 Archmage
3 Summon Water Elemental
2 Brilliance Aura
4 Paladin
2 Holy Light
2 Divine Shield
1 Mountain King
1 Storm Bolt
» actions
| Assign group hotkey | 275 | |
| Basic commands | 89 | |
| Build / train | 109 | |
| ESC pressed | 3 | |
| Enter build submenu | 33 | |
| Enter hero's abilities submenu | 10 | |
| Give item / drop item | 3 | |
| Right click | 1498 | |
| Select / deselect | 517 | |
| Select group hotkey | 687 | |
| Use ability | 98 | |
3322 total
» units
| Peasant | 18 | |
| Footman | 8 | |
| Sorceress | 6 | |
| Priest | 4 | |
| Rifleman | 10 | |
| Spell Breaker | 5 | |
| Knight | 3 | |
54 total
» upgrades
| Masonry | 1 | |
| Long Rifles | 1 | |
| Sorceress Training | 2 | |
| Priest Training | 2 | |
| Magic Sentry | 1 | |
| Gunpowder | 3 | |
| Armor | 2 | |
| Lumber Harvesting | 1 | |
| Animal War Training | 1 | |
| Plating | 1 | |
15 total
» buildings
| Altar of Kings | 1 | |
| Farm | 10 | |
| Lumber Mill | 1 | |
| Barracks | 2 | |
| Scout Tower | 7 | |
| Arcane Tower | 3 | |
| Guard Tower | 3 | |
| Keep | 2 | |
| Town Hall | 3 | |
| Arcane Sanctum | 2 | |
| Arcane Vault | 1 | |
| Blacksmith | 1 | |
| Castle | 2 | |
38 total
» build order
00:02 Altar of Kings
00:03 Farm
00:47 Lumber Mill
01:29 Farm
01:50 Barracks
01:52 Barracks
02:03 Scout Tower
02:04 Scout Tower
02:48 Arcane Tower
02:48 Arcane Tower
03:18 Guard Tower
03:45 Scout Tower
03:46 Scout Tower
03:53 Farm
04:08 Keep
04:08 Keep
04:30 Farm
05:44 Town Hall
05:46 Guard Tower
06:50 Arcane Sanctum
06:50 Arcane Sanctum
06:52 Farm
06:55 Farm
08:50 Arcane Vault
09:15 Blacksmith
11:29 Farm
11:29 Farm
12:20 Farm
14:07 Castle
14:08 Castle
19:01 Farm
19:39 Town Hall
21:43 Scout Tower
21:44 Scout Tower
21:44 Scout Tower
22:31 Town Hall
22:56 Guard Tower
» items
| Orb of Fire | 1 | |
| Scroll of Regeneration | 1 | |
| Scroll of Town Portal | 2 | |
4 total
BI-fcl_gldrbs (
blue | 104 APM | 2582 actions | 24:52)
6 Mountain King
3 Storm Bolt
2 Bash
1 Avatar
» actions
| Assign group hotkey | 31 | |
| Basic commands | 42 | |
| Build / train | 108 | |
| ESC pressed | 2 | |
| Enter build submenu | 47 | |
| Enter hero's abilities submenu | 6 | |
| Give item / drop item | 3 | |
| Right click | 1268 | |
| Select / deselect | 331 | |
| Select group hotkey | 600 | |
| Use ability | 137 | |
2582 total
» units
| Peasant | 24 | |
| Footman | 12 | |
| Gryphon Rider | 7 | |
43 total
» upgrades
| Masonry | 3 | |
| Lumber Harvesting | 1 | |
| Animal War Training | 1 | |
| Storm Hammers | 1 | |
| Armor | 3 | |
| Magic Sentry | 1 | |
| Swords | 3 | |
13 total
» buildings
| Altar of Kings | 1 | |
| Farm | 11 | |
| Barracks | 1 | |
| Scout Tower | 23 | |
| Arcane Tower | 2 | |
| Town Hall | 2 | |
| Lumber Mill | 1 | |
| Guard Tower | 11 | |
| Arcane Vault | 1 | |
| Keep | 1 | |
| Castle | 1 | |
| Gryphon Aviary | 3 | |
| Blacksmith | 2 | |
| Arcane Sanctum | 1 | |
61 total
» build order
00:07 Altar of Kings
00:12 Farm
00:55 Barracks
01:24 Farm
01:26 Scout Tower
01:29 Farm
02:10 Farm
02:15 Arcane Tower
02:57 Farm
03:15 Scout Tower
03:16 Scout Tower
04:15 Town Hall
04:17 Arcane Tower
04:22 Lumber Mill
05:43 Guard Tower
06:01 Scout Tower
06:50 Scout Tower
06:51 Scout Tower
06:53 Guard Tower
06:54 Scout Tower
08:02 Guard Tower
08:30 Arcane Vault
08:32 Scout Tower
08:36 Guard Tower
08:38 Scout Tower
08:39 Scout Tower
08:54 Keep
08:57 Scout Tower
08:57 Scout Tower
09:04 Guard Tower
09:07 Scout Tower
09:08 Scout Tower
09:53 Guard Tower
09:55 Guard Tower
10:56 Scout Tower
10:58 Scout Tower
11:15 Castle
11:17 Gryphon Aviary
11:19 Gryphon Aviary
11:25 Blacksmith
11:28 Farm
11:31 Farm
11:33 Farm
11:35 Farm
11:42 Farm
11:47 Guard Tower
11:55 Guard Tower
12:18 Farm
12:40 Gryphon Aviary
16:04 Scout Tower
16:42 Guard Tower
16:43 Arcane Sanctum
17:23 Blacksmith
19:19 Town Hall
21:41 Scout Tower
21:42 Scout Tower
21:43 Scout Tower
21:43 Scout Tower
21:44 Scout Tower
24:15 Guard Tower
» items
| Healing Salve | 2 | |
| Lesser Clarity Potion | 8 | |
| Scroll of Speed | 2 | |
| Scroll of Town Portal | 5 | |
| Scroll of Regeneration | 6 | |
| Potion of Healing | 3 | |
| Orb of Fire | 1 | |
| Staff of Sanctuary | 1 | |
| Boots of Speed | 1 | |
29 total
DOGSANDHORSE.RU (
pink | 100 APM | 2497 actions | 24:53)
4 Blademaster
2 Wind Walk
2 Critical Strike
» actions
| Assign group hotkey | 1 | |
| Build / train | 38 | |
| Enter build submenu | 27 | |
| Enter hero's abilities submenu | 4 | |
| Give item / drop item | 3 | |
| Remove unit from queue | 2 | |
| Right click | 1915 | |
| Select / deselect | 183 | |
| Select group hotkey | 218 | |
| Use ability | 105 | |
2497 total
» units
» buildings
| Altar of Storms | 2 | |
| Orc Burrow | 2 | |
| Voodoo Lounge | 2 | |
| War Mill | 2 | |
| Watch Tower | 12 | |
| Great Hall | 2 | |
22 total
» build order
00:12 Altar of Storms
00:22 Orc Burrow
00:58 Voodoo Lounge
01:22 War Mill
02:41 Watch Tower
03:43 Watch Tower
03:46 Watch Tower
04:31 Watch Tower
04:33 Watch Tower
05:14 Watch Tower
05:15 Watch Tower
05:30 Watch Tower
06:28 Watch Tower
06:56 Watch Tower
06:57 Watch Tower
07:26 Watch Tower
09:06 Orc Burrow
10:03 Voodoo Lounge
10:39 Altar of Storms
11:05 War Mill
24:33 Great Hall
24:41 Great Hall
» items
| Healing Salve | 3 | |
| Lesser Clarity Potion | 10 | |
| Boots of Speed | 1 | |
| Staff of Teleportation | 1 | |
15 total
never.a.bird (
yellow | 157 APM | 3893 actions | 24:52)
6 Mountain King
3 Storm Bolt
2 Bash
1 Avatar
» actions
| Assign group hotkey | 634 | |
| Basic commands | 17 | |
| Build / train | 149 | |
| Enter build submenu | 42 | |
| Enter hero's abilities submenu | 8 | |
| Give item / drop item | 3 | |
| Remove unit from queue | 14 | |
| Right click | 1920 | |
| Select / deselect | 718 | |
| Select group hotkey | 250 | |
| Use ability | 138 | |
3893 total
» units
» upgrades
| Masonry | 3 | |
| Lumber Harvesting | 2 | |
| Storm Hammers | 1 | |
| Armor | 3 | |
| Swords | 3 | |
| Cloud | 1 | |
| Animal War Training | 1 | |
14 total
» buildings
| Altar of Kings | 1 | |
| Farm | 10 | |
| Lumber Mill | 2 | |
| Scout Tower | 17 | |
| Arcane Tower | 4 | |
| Arcane Vault | 2 | |
| Guard Tower | 25 | |
| Town Hall | 3 | |
| Keep | 2 | |
| Castle | 5 | |
| Blacksmith | 1 | |
| Gryphon Aviary | 3 | |
| Barracks | 2 | |
77 total
» build order
00:04 Altar of Kings
00:17 Farm
01:27 Lumber Mill
01:28 Lumber Mill
01:52 Farm
01:55 Scout Tower
02:04 Farm
02:25 Arcane Tower
02:26 Arcane Tower
02:37 Arcane Vault
02:39 Arcane Vault
03:07 Scout Tower
03:09 Scout Tower
03:16 Scout Tower
03:21 Scout Tower
03:27 Scout Tower
03:35 Guard Tower
03:35 Guard Tower
03:36 Guard Tower
03:36 Guard Tower
03:49 Arcane Tower
03:49 Arcane Tower
04:22 Town Hall
04:36 Guard Tower
04:36 Guard Tower
04:36 Guard Tower
07:19 Keep
09:53 Scout Tower
09:54 Scout Tower
09:54 Scout Tower
09:59 Scout Tower
10:00 Scout Tower
10:00 Scout Tower
10:01 Scout Tower
10:05 Scout Tower
10:05 Scout Tower
10:06 Scout Tower
10:18 Scout Tower
10:28 Castle
10:28 Castle
10:28 Castle
10:33 Guard Tower
10:33 Guard Tower
10:48 Guard Tower
10:48 Guard Tower
10:54 Guard Tower
10:55 Guard Tower
10:57 Blacksmith
10:59 Gryphon Aviary
11:00 Gryphon Aviary
11:01 Guard Tower
11:08 Guard Tower
11:08 Guard Tower
11:21 Guard Tower
11:21 Guard Tower
11:24 Guard Tower
11:58 Farm
11:59 Farm
12:46 Town Hall
13:10 Gryphon Aviary
13:19 Farm
15:02 Farm
17:18 Farm
17:32 Barracks
17:34 Barracks
18:01 Farm
18:01 Farm
21:27 Town Hall
» items
| Healing Salve | 2 | |
| Lesser Clarity Potion | 2 | |
| Staff of Teleportation | 1 | |
| Boots of Speed | 1 | |
| Scroll of Town Portal | 4 | |
| Potion of Healing | 3 | |
| Scroll of Regeneration | 3 | |
16 total
Chat log
(00:09 / Allies) never.a.bird: i am gonna...........expand?
(00:22 / Allies) BI-fcl_gldrbs: no militia
(00:23 / Allies) BI-fcl_gldrbs: mata??
(00:26 / Allies) never.a.bird: o yea
(00:36 / Allies) never.a.bird: shit im too late prob
(01:09 / Allies) never.a.bird: got it
(04:07 / Allies) never.a.bird: noobs in need of assistance `??
(04:38 / Allies) never.a.bird: not bringing milit
(05:16 / Allies) never.a.bird: some tows in back ?
(07:06 / Allies) never.a.bird: what was this orc doing
(08:01 / Allies) never.a.bird: UHHH i'll tp with militia i guess jesus.
(08:27 / Allies) never.a.bird: brt
(08:32 / Allies) never.a.bird: one last try to save it
(09:07 / Allies) never.a.bird: uh wyvs
(09:19 / Allies) never.a.bird: nobody helped me.
(09:31 / Allies) never.a.bird: big nooby bear isn't out ?
(09:38 / Allies) never.a.bird: ok
(10:08 / Allies) never.a.bird: anything vs cloud?
(10:22 / Allies) never.a.bird: ok i go gryph
(12:47 / Allies) BI-fcl_gldrbs: MY BASe
(13:13 / Allies) never.a.bird: pumping gryph
(16:22 / Allies) never.a.bird: shoulda tped
(17:38 / Allies) never.a.bird: is prob mad bat time
(18:38 / Allies) never.a.bird: take mid expos
(18:42 / Allies) DOGSANDHORSE.RU: they tryin for tha
(18:56 / Allies) never.a.bird: i go around left side
(19:36 / Allies) BI-fcl_gldrbs: GRYPH
(19:52 / Allies) BI-fcl_gldrbs: yo mata buy me a tp please
(19:53 / Allies) never.a.bird: no heckspos
(19:59 / Allies) DOGSANDHORSE.RU: mainsout
(20:01 / Allies) BI-fcl_gldrbs: t y
(20:11 / Allies) BI-fcl_gldrbs: another lion horn
(20:12 / Allies) DOGSANDHORSE.RU: megabat
(20:18 / Allies) never.a.bird: i want lion
(20:21 / Allies) never.a.bird: brt
(20:24 / Allies) BI-fcl_gldrbs: you got it boss
(20:32 / Allies) never.a.bird: i have some item
(20:38 / Allies) never.a.bird: cant go there
(20:43 / Allies) DOGSANDHORSE.RU: lmao
(21:36 / Allies) never.a.bird: a tower
(21:49 / Allies) never.a.bird: gonna get my 6
(21:58 / Allies) BI-fcl_gldrbs: yo yeller
(22:00 / Allies) BI-fcl_gldrbs: come get horn
(22:04 / Allies) never.a.bird: too far
(22:12 / Allies) DOGSANDHORSE.RU: creepy creepjack
(22:13 / Allies) never.a.bird: brt
(22:25 / Allies) never.a.bird: 6
(22:53 / Allies) BI-fcl_gldrbs: toxp
(23:16 / Allies) never.a.bird: im out
(23:32 / Allies) never.a.bird: coming
(24:41 / Allies) BI-fcl_gldrbs: toxp
(24:46 / Allies) never.a.bird: don need
(24:51 / All) DOGSANDHORSE.RU: LOL